 Dungeon Crawl Stone Soup version 0.22-a0-159-g7ce444f (webtiles) character file.

23391 4thArraOfDagon the Ripper (level 12, 0/82 HPs)
             Began as a Felid Artificer on Feb 9, 2018.
             Was an Elder of Elyvilon.
             Slain by a seven-headed hydra (16 damage)
             ... on level 6 of the Lair of Beasts.
             The game lasted 01:05:26 (14351 turns).

4thArraOfDagon the Ripper (Felid Artificer)        Turns: 14351, Time: 01:05:26

Health: 0/82       AC:  3    Str: 13    XL:     12   Next: 71%
Magic:  20/20      EV: 30    Int: 18    God:    Elyvilon [****..]
Gold:   1402       SH:  0    Dex: 16    Spells: 12/15 levels left
                                        Lives:  0   Deaths: 4

rFire    . . .     SeeInvis +     - Unarmed
rCold    + + .     Gourm    .   (shield unavailable)
rNeg     . . .     Faith    .   (armour unavailable)
rPois    +         Spirit   .   (helmet unavailable)
rElec    .         Reflect  .   (cloak unavailable)
rCorr    .         Harm     .   (gloves unavailable)
MR       +....                  (boots unavailable)
Stlth    ..........             j - amulet of rage
HPRegen  0.23/turn              o - ring of protection from cold
MPRegen  0.17/turn              i - ring of poison resistance

@: berserking (expiring), very quick
A: very small, no armour, no weapons or thrown items, stealth, claws 1, fangs 3,
see invisible, carnivore, speed 1, shaggy fur 3, slow metabolism 1, sharp paws
a: Lesser Healing, Heal Other, Purification, Greater Healing, Divine Protection,
Renounce Religion, Evoke Berserk Rage


You were on level 6 of the Lair of Beasts.
You worshipped Elyvilon.
Elyvilon was greatly pleased with you.
You were full.

You visited 5 branches of the dungeon, and saw 25 of its levels.
You also visited: Ice Cave.

You collected 1760 gold pieces.
You spent 358 gold pieces at shops.

Inventory:

Jewellery
 i - a ring of poison resistance (right paw)
 j - an amulet of rage (around neck)
 m - an uncursed ring of ice
 o - a ring of protection from cold (left paw)
 s - an uncursed amulet of the acrobat
 x - an uncursed amulet of regeneration
 L - the amulet of Wiutott {RegenMP Str+4}
   (You found it on level 4 of the Lair of Beasts)

   [amulet of magic regeneration]

   It increases your magic regeneration.
   It affects your strength (+4).
 M - a +2 ring of intelligence
Wands
 b - a wand of enslavement (42)
 c - a wand of random effects (70)
 h - a wand of paralysis (2)
 u - a wand of polymorph (50)
 z - a wand of iceblast (14)
 D - a wand of flame (33)
 I - a wand of disintegration (23)
 K - a wand of digging (13)
Scrolls
 a - 3 scrolls of amnesia
 g - a scroll of teleportation
 n - 2 scrolls of holy word
 r - 2 scrolls of immolation
 v - 9 scrolls of remove curse
 E - 2 scrolls of noise
 G - a scroll of fear
 J - a scroll of blinking
 O - a scroll of identify
Potions
 e - a potion of mutation
 f - 3 potions of might
 k - 7 potions of curing
 w - a potion of haste
 B - 2 potions of brilliance
 C - a potion of flight
 H - a potion of heal wounds
 N - a potion of agility
Books
 l - a book of Battle

   Spells                             Type                      Level
   a - Infusion                       Charms                       1
   b - Shroud of Golubria             Charms/Translocation         2
   c - Song of Slaying                Charms                       2
   d - Spectral Weapon                Hexes/Charms                 3
   e - Regeneration                   Charms/Necromancy            3
 A - a book of Minor Magic

   Spells                             Type                      Level
   a - Magic Dart                     Conjuration                  1
   b - Blink                          Translocation                2
   c - Call Imp                       Summoning                    2
   d - Slow                           Hexes                        2
   e - Conjure Flame                  Conjuration/Fire             3
   f - Mephitic Cloud                 Conjuration/Poison/Air       3
Miscellaneous
 p - a phantom mirror
 q - a lamp of fire
 t - a crystal ball of energy
 F - a phial of floods
Comestibles
 d - 35 rations


   Skills:
 - Level 8.0 Fighting
 + Level 14.4 Dodging
 + Level 15.1 Stealth
 * Level 15.3 Unarmed Combat
 + Level 2.0 Spellcasting
 - Level 10.0 Invocations
 - Level 3.2 Evocations


You had 12 spell levels left.
You knew the following spells:

 Your Spells              Type           Power        Failure   Level  Hunger
a - Apportation           Tloc           #.....       19%         1    #......
b - Blink                 Tloc           N/A          26%         2    ###....


Dungeon Overview and Level Annotations

Branches:
Dungeon (15/15)            Temple (1/1) D:7            Lair (6/6) D:11
  Slime (0/5) Lair:5          Orc (2/2) D:12            Elf (1/3) Orc:2
 Vaults (0/5) D:13
  Swamp: Lair:2-4    Shoals: Lair:2-4     Snake: Lair:2-4    Spider: Lair:2-4
 Depths: D:15

Altars:
Cheibriados
Elyvilon
Fedhas
Kikubaaqudgha
Makhleb
Nemelex Xobeh
Okawaru
Qazlal
Sif Muna
Uskayaw
Wu Jian
Yredelemnul
The Shining One

Shops:
D:12 %   Orc:2 ((=*

Portals:
Trove: D:14 (give 10 potions of heal wounds)

Annotations:
Lair:2 exclusion: oklob plant


Innate Abilities, Weirdness & Mutations

You cannot wear armour.
You are incapable of wielding weapons or throwing items.
Your paws allow you to move quietly. (Stealth)
You have sharp claws.
You have razor-sharp teeth.
You have supernaturally acute eyesight. (SInv)
You are carnivorous and can eat meat at any time.
You cover ground quickly.
Your thick and shaggy fur keeps you warm. (AC +3, rC+)
You have a slow metabolism.
Your sharp claws are effective at attacking unaware monsters.


Message History

You kill the yak!
Your Spellcasting skill increases to level 2!
Unknown command.
You barely miss the yak.
The yak is severely wounded.
Unknown command.
You barely miss the yak. The yak gores you! The yak misses you.
Unknown command.
You mangle the yak!! You bite the yak.
The yak is almost dead.
Unknown command.
You barely miss the yak.
The yak is almost dead.
The yak gores you! The yak barely misses you. The seven-headed hydra bites you!
The seven-headed hydra barely misses you.
The seven-headed hydra bites you. The seven-headed hydra bites you!
* * * LOW HITPOINT WARNING * * *
The seven-headed hydra completely misses you.
The seven-headed hydra bites you!
You die...

#...##..##
.##....P..#
..........###
............##
.............#
.#.##P.#.....## ..
###.#.....### .
#.......#Y##
.........#@Y)#
.........YD#Y....#
..........S.......#
...#......##.....##
...###..... .....#
#....# #....#
#...... ....# #....
.....


You could see a seven-headed hydra, 4 yaks and a water moccasin.

Vanquished Creatures
  A frost giant (IceCv)
  7 centaur warriors
  6 two-headed ogres
  A tengu warrior (D:12)
  3 death yaks (IceCv)
  The ghost of tilp the Grappler, a novice TrMo of Fedhas (D:8)
  3 orc high priests (Orc:2)
  2 fire crabs (Lair:4)
  A deep elf knight (D:14)
  3 unseen horrors
  2 deep elf magi
  3 orc knights (Orc:2)
  3 orc sorcerers (Orc:2)
  4 ugly things
  An orb spider (shapeshifter) (D:14)
  An oklob plant (Lair:6)
  6 cyclopes
  3 manticores (D:14)
  4 centaur zombies (D:14)
  2 gargoyles
  4 black mambas
  3 komodo dragons
  4 spiny frogs
  A centaur skeleton (D:11)
  A yaktaur (shapeshifter) (D:14)
  A redback zombie (D:15)
  A komodo dragon (shapeshifter) (D:14)
  A yaktaur (D:12)
  A harpy zombie (D:14)
  3 trolls
  18 polar bears
  3 hippogriffs
  A shadow (D:14)
  2 wraiths
  A wyvern (Lair:6)
  A fire elemental (D:12)
  2 humans
  A basilisk (D:12)
  39 yaks
  The ghost of p0werm0de the Chopper, an amateur FoCK of Xom (D:5)
  3 hungry ghosts
  4 vampire mosquitoes
  Grum (D:10)
  Menkaure (D:7)
  A soldier ant (D:11)
  2 acid dragons (D:14)
  3 water moccasins
  A hell hound (D:12)
  3 porcupines
  10 orc warriors
  A sky beast (D:14)
  2 ice beasts (D:14)
  6 ogres
  A black bear (D:9)
  2 phantoms
  24 wolves
  14 centaurs
  3 crocodiles
  16 bullfrogs
  12 orc wizards
  3 big kobolds
  Blork the orc (D:5)
  A gnoll sergeant (D:11)
  2 wyvern skeletons (D:14)
  3 scorpions
  5 killer bees
  8 wights
  An electric eel (D:10)
  10 howler monkeys
  5 crimson imps
  A quasit (D:7)
  A bullfrog zombie (D:12)
  6 hounds
  2 jellies
  10 orc priests
  3 iguanas
  7 worker ants
  A hound skeleton (D:7)
  47 orcs
  Robin (D:2)
  9 adders
  14 gnolls
  3 shadow imps
  12 white imps (D:12)
  4 oozes
  An adder zombie (D:9)
  3 worms (D:2)
  A dart slug (D:1)
  3 leopard geckos
  A ball python (D:1)
  A giant cockroach (D:3)
  8 hobgoblins
  3 jackals (D:7)
  3 quokkas
  A bat (D:3)
  6 frilled lizards
  2 gnoll zombies (D:7)
  11 goblins
  18 kobolds
  5 rats
483 creatures vanquished.

Vanquished Creatures (collateral kills)
  A killer bee (D:7)
  A bullfrog zombie (D:7)
  An orc priest (D:3)
  An orc wizard (D:3)
  5 orcs
  2 rats (D:3)
11 creatures vanquished.

Vanquished Creatures (others)
  An unseen horror (D:14)
  A hornet (D:14)
  An eye of draining (D:12)
  6 killer bees
  An electric eel (D:10)
  2 hounds (D:7)
  A jelly (D:14)
  The ghost of p0werm0de the Chopper, a weakling GnCK of Xom (D:3)
  An ooze (Lair:5)
  2 fungi (Lair:6)
  3 plants
20 creatures vanquished.

Grand Total: 514 creatures vanquished

Notes
Turn   | Place    | Note
-------+----------+-------------------------------------------
     0 | D:1      | 4thArraOfDagon the Felid Artificer began the quest for the Orb.
     0 | D:1      | Reached XP level 1. HP: 9/9 MP: 4/4
   109 | D:3      | Reached XP level 2. HP: 12/12 MP: 5/5
   178 | D:3      | Noticed p0werm0de's ghost (weakling GnCK)
   224 | D:3      | Reached XP level 3. HP: 15/15 MP: 6/6
   227 | D:3      | Your ally p0werm0de died
   383 | D:5      | Entered Level 5 of the Dungeon
   457 | D:5      | Reached XP level 4. HP: 16/19 MP: 7/7
   767 | D:7      | Reached XP level 5. HP: 9/22 MP: 8/8
   788 | D:6      | Found an iron altar of Okawaru.
   924 | D:6      | Noticed an unseen horror
   940 | D:6      | HP: 1/22 [unseen horror (12)]
   945 | D:6      | Killed an unseen horror
   945 | D:6      | Reached skill level 5 in Dodging
   945 | D:6      | Reached skill level 5 in Stealth
   945 | D:6      | Gained mutation: You are covered in thick fur. (AC +2) [Felid growth]
   945 | D:6      | Reached XP level 6. HP: 28/28 MP: 9/9
   945 | D:6      | Reached XP level 7. HP: 31/31 MP: 10/10
   993 | D:6      | Noticed a yak
  1002 | D:6      | Killed a yak
  1002 | D:6      | Reached skill level 5 in Unarmed Combat
  1315 | D:7      | Reached XP level 8. HP: 14/36 MP: 11/11
  1373 | D:7      | Noticed Menkaure
  1377 | D:7      | Killed Menkaure
  1598 | D:7      | Found a staircase to the Ecumenical Temple.
  1626 | Temple   | Entered the Ecumenical Temple
  1682 | Temple   | Became a worshipper of Elyvilon the Healer
  1788 | D:8      | Found a stormy altar of Qazlal.
  1877 | D:7      | Reached skill level 1 in Invocations
  2315 | D:1      | Reached * piety under Elyvilon
  3117 | D:2      | Reached ** piety under Elyvilon
  3175 | D:2      | Noticed Robin
  3206 | D:2      | Killed Robin
  4003 | D:4      | Reached skill level 5 in Fighting
  4367 | D:5      | Noticed Blork the orc
  4368 | D:5      | Found a basalt altar of Yredelemnul.
  4376 | D:5      | Killed Blork the orc
  4430 | D:5      | Found an ornate altar of the Wu Jian Council.
  4431 | D:5      | Found an ancient bone altar of Kikubaaqudgha.
  4469 | D:5      | Noticed p0werm0de's ghost (amateur FoCK)
  4480 | D:5      | Killed p0werm0de's ghost
  4480 | D:5      | Reached XP level 9. HP: 40/40 MP: 12/12
  4837 | D:7      | Identified the +7 war axe of Revolt {chop, *Drain rN+ MR+} (You found it on level 7 of the Dungeon)
  4856 | D:7      | Found a basalt altar of Yredelemnul.
  5345 | D:8      | Noticed tilp's ghost (novice TrMo)
  5351 | D:8      | Reached *** piety under Elyvilon
  5371 | D:8      | Killed tilp's ghost
  5570 | D:9      | Reached XP level 10. HP: 30/45 MP: 13/13
  5597 | D:9      | Noticed a two-headed ogre
  5617 | D:9      | Killed a two-headed ogre
  5781 | D:9      | HP: 2/69 [yak (4)]
  5784 | D:9      | Mangled by a yak
  5785 | D:9      | Reached XP level 9. HP: -13/63 MP: 13/13
  6098 | D:9      | Noticed a troll
  6115 | D:9      | Killed a troll
  6137 | D:9      | Learned a level 1 spell: Apportation
  6146 | D:9      | Learned a level 2 spell: Blink
  6160 | D:10     | Entered Level 10 of the Dungeon
  6160 | D:10     | Noticed a two-headed ogre
  6195 | D:10     | Killed a two-headed ogre
  6195 | D:10     | Reached skill level 5 in Invocations
  6195 | D:10     | Reached XP level 10. HP: 34/46 MP: 11/14
  6238 | D:10     | Reached skill level 10 in Unarmed Combat
  6404 | D:10     | Reached skill level 10 in Stealth
  6443 | D:10     | Noticed Grum
  6463 | D:10     | Killed Grum
  6600 | D:11     | Noticed a gargoyle
  6615 | D:11     | Killed a gargoyle
  6782 | D:11     | Noticed a cyclops
  6795 | D:11     | Killed a cyclops
  6795 | D:11     | Reached skill level 10 in Dodging
  6917 | D:11     | Noticed a red ugly thing
  6920 | D:11     | Pacified a red ugly thing
  6995 | D:11     | Noticed a green ugly thing
  7013 | D:11     | Pacified a green ugly thing
  7092 | D:12     | Noticed a two-headed ogre
  7100 | D:12     | Noticed a deep elf mage
  7102 | D:12     | Noticed a cyclops
  7104 | D:12     | Killed a two-headed ogre
  7104 | D:12     | Reached XP level 11. HP: 51/51 MP: 14/16
  7110 | D:12     | Killed a deep elf mage
  7122 | D:12     | HP: 2/51 [cyclops (22)]
  7123 | D:12     | Demolished by a cyclops
  7124 | D:12     | Reached XP level 10. HP: -14/72 MP: 13/15
  7148 | D:12     | Killed a cyclops
  7255 | D:12     | Found Ygiwkil's Food Boutique.
  7304 | D:12     | Found a frozen archway.
  7411 | IceCv    | Entered an ice cave
  7597 | IceCv    | HP: 1/72 [polar bear (14)]
  8013 | IceCv    | Reached XP level 11. HP: 51/51 MP: 17/17
  8455 | IceCv    | Noticed a death yak
  8455 | IceCv    | Noticed a death yak
  8531 | IceCv    | Killed a death yak
  8532 | IceCv    | Killed a death yak
  8589 | IceCv    | Noticed a death yak
  8589 | IceCv    | Noticed a frost giant
  8601 | IceCv    | Killed a frost giant
  8647 | IceCv    | Killed a death yak
  8885 | D:13     | Found a gate to the Vaults.
  8885 | D:13     | Noticed a centaur warrior
  8885 | D:13     | Noticed a two-headed ogre
  8885 | D:13     | Noticed an orc knight
  8885 | D:13     | Noticed a skeletal warrior
  8885 | D:13     | Noticed a skeletal warrior
  8885 | D:13     | Noticed a skeletal warrior
  8885 | D:13     | Noticed a skeletal warrior
  8885 | D:13     | Noticed a skeletal warrior
  8928 | D:12     | Gained mutation: Your thick and shaggy fur keeps you warm. (AC +3, rC+) [Felid growth]
  8928 | D:12     | Reached XP level 12. HP: 43/55 MP: 18/18
  8993 | D:13     | Noticed a four-headed hydra
  9019 | D:13     | Noticed a centaur warrior
  9027 | D:13     | Killed a centaur warrior
  9069 | D:15     | Entered Level 15 of the Dungeon
  9070 | D:15     | Noticed a centaur warrior
  9070 | D:15     | Noticed a two-headed ogre
  9101 | D:14     | Noticed a centaur warrior
  9114 | D:14     | Killed a centaur warrior
  9217 | D:14     | Found a portal to a secret trove of treasure.
  9283 | D:14     | Noticed a two-headed ogre
  9316 | D:14     | Killed a two-headed ogre
  9387 | D:14     | Noticed a centaur warrior
  9402 | D:14     | Killed a centaur warrior
  9524 | D:14     | Noticed an eight-headed hydra
  9729 | D:14     | Noticed a centaur warrior
  9734 | D:14     | Killed a centaur warrior
  9828 | D:14     | Noticed a centaur warrior
  9852 | D:14     | Killed a centaur warrior
  9903 | D:14     | Reached XP level 13. HP: 44/58 MP: 20/20
 10771 | D:12     | Noticed a fire giant
 10771 | D:12     | Noticed a fire giant
 10771 | D:12     | Elyvilon protects you from harm!
 10791 | D:12     | Mangled by a fire giant
 10792 | D:12     | Reached XP level 12. HP: -12/55 MP: 20/20
 11026 | D:12     | Noticed a tengu warrior
 11047 | D:12     | Killed a tengu warrior
 11255 | D:12     | Found a staircase to the Orcish Mines.
 11443 | Orc:1    | Entered Level 1 of the Orcish Mines
 11480 | Orc:2    | Entered Level 2 of the Orcish Mines
 11568 | Orc:1    | Noticed an orc warlord
 11570 | Orc:1    | Noticed a two-headed ogre
 11786 | Orc:2    | Found a staircase to the Elven Halls.
 12022 | Orc:2    | Noticed an orc high priest
 12043 | Orc:2    | Killed an orc high priest
 12057 | Orc:2    | Noticed an orc high priest
 12079 | Orc:2    | Elyvilon protects you from harm!
 12080 | Elf:1    | Entered Level 1 of the Elven Halls
 12092 | Orc:2    | Killed an orc high priest
 12370 | Orc:2    | Reached XP level 13. HP: 45/58 MP: 21/21
 12458 | Orc:2    | jacquesderrida: Dogenz
 12517 | Orc:2    | Found Bara Mokenu's Jewellery Shop.
 12517 | Orc:2    | Found Exaawe's Assorted Antiques.
 12519 | Orc:2    | Found Duicekiwi's Antique Weapon Shop.
 12519 | Orc:2    | Found Bahouss's Antique Weapon Shoppe.
 12530 | Orc:2    | Bought 2 scrolls of identify for 92 gold pieces
 12530 | Orc:2    | Bought a scroll of identify for 46 gold pieces
 12538 | Orc:2    | Bought an uncursed ring of poison resistance for 220 gold pieces
 13335 | D:11     | Found a staircase to the Lair.
 13342 | Lair:1   | Entered Level 1 of the Lair of Beasts
 13369 | Lair:1   | Reached skill level 10 in Invocations
 13446 | Lair:4   | Got a translucent steel amulet
 13462 | Lair:4   | Identified the amulet of Wiutott {RegenMP Str+4} (You found it on level 4 of the Lair of Beasts)
 13628 | Lair:4   | Reached skill level 15 in Unarmed Combat
 13958 | Lair:5   | Reached skill level 1 in Spellcasting
 13967 | Lair:5   | Mangled by a komodo dragon
 13968 | Lair:5   | Reached XP level 12. HP: -6/55 MP: 20/20
 13968 | Lair:5   | Reached **** piety under Elyvilon
 13974 | Lair:5   | Reached skill level 15 in Stealth
 13980 | Lair:5   | Noticed a catoblepas
 14016 | Lair:5   | Found a staircase to the Slime Pits.
 14041 | Lair:5   | Pacified a catoblepas
 14067 | Lair:6   | Entered Level 6 of the Lair of Beasts
 14236 | Lair:6   | Found a deep blue altar of Sif Muna.
 14328 | Lair:6   | Noticed a seven-headed hydra
 14351 | Lair:6   | Slain by a seven-headed hydra

Vault maps used:
D:1:      lightli_arrival_boilingwater, hangedman_decor_slide_cut
D:2:      cheibrodos_pilgrimage, uniq_robin
D:3:      first_ration, corexii_shack
D:4:      hex_intersection
D:5:      amethyst_overflow_temple_binary, basic_altar, serial_curves,
          eino_curves_02, eino_curves_03, uniq_blork_the_orc
D:6:      minmay_opposing_rooms, overflow_temple_1_default, minmay_holes
D:7:      lemuel_zombie_altar_yredelemnul,
          minmay_temple_entry_statues_fountains, uniq_menkaure
D:8:      grunt_qazlal_sundering
D:10:     uniq_grum
D:11:     lair_entry_dummy, lightli_corner_chamber
D:12:     thingy_vault, orc_0_dummy, serial_shops, shop,
          portal_ice_cave_entry_imps, grunt_tengu_nest, uniq_azrael
D:13:     david_vaults_3, hangedman_abyss_or_decor_jellyfish_corner
D:14:     minmay_imperfect_grid, enter_trove_6, fedhas_altar_4, uniq_sonja,
          uniq_frances
D:15:     gammafunk_enter_depths_forms, minmay_misc_feat_tiny, uniq_roxanne,
          uniq_josephine
Temple:   dpeg_five_rooms_temple
Lair:1:   infiniplex_staircase_pool_2, grunt_megastairs_3
Lair:2:   minmay_lair_oklob_bushes, uniq_gastronok
Lair:3:   serial_bayou_lake_a
Lair:4:   beast_lair_carwin_large_1, minmay_swamp_entry_worms,
          minmay_snake_entry_guardpost_small, st_stairs_13
Lair:5:   nicolae_slime_entry_slimehenge, grunt_forest_stairs_basic
Lair:6:   hangedman_lair_caniforms_friends, hangedman_lair_in_review,
          eino_small_chamber_without_monster, nicolae_lair_grove_arrangements,
          lemuel_oklob_altar
Orc:2:    grunt_orc_tribal_feast
Elf:1:    eino_elf_arrival_sip, minivault_28, hex_tiny, palyth_stone_intersect,
          hangedman_decor_cross_pass, minmay_shop_grove
IceCv:    ice_cave_caverns_01

Skill      XL: |  1  2  3  4  5  6  7  8  9 10 11 12 13 |
---------------+----------------------------------------+-----
Dodging        | 3 5 6 7 8 11 12 13 14 | 14.4
Stealth        | 2 3 5 7 8 11 12 15 14 | 15.1
Unarmed Combat | 2 3 4 5 7 8 11 12 13 15 | 15.3
Fighting       | 2 3 4 5 6 8 |  8.0
Invocations    | 2 5 4 7 8 10 | 10.0
Spellcasting   | 2 1 |  2.0
Evocations     | |  3.2

Action                   |  1- 3 |  4- 6 |  7- 9 | 10-12 | 13-15 || total
-------------------------+-------+-------+-------+-------+-------++-------
Melee: Unarmed           |    30 |    57 |   396 |  1055 |   283 ||  1821
       Bite              |     5 |     4 |    37 |   107 |    24 ||   177
       Punch             |       |     1 |     9 |    56 |    12 ||    78
Invok: Lesser Healing    |       |       |    10 |   105 |    24 ||   139
       Heal Other        |       |       |     1 |    28 |     2 ||    31
 Abil: Evoke Berserk Rag |       |     1 |    14 |    52 |    13 ||    80
Evoke: Wand              |     9 |    22 |     9 |    14 |       ||    54
       Lamp of fire      |       |       |       |     1 |       ||     1
       Phial of floods   |       |       |       |     1 |       ||     1
  Use: Scroll            |     1 |     4 |     6 |     8 |    10 ||    29
       Potion            |       |     2 |     2 |    11 |     1 ||    16
 Stab: Sleeping          |     1 |     3 |    24 |    31 |    10 ||    69
       Paralysed         |       |       |     2 |     3 |       ||     5
       Distracted        |       |       |     3 |     1 |     2 ||     6
  Eat: Chunk             |     6 |       |    34 |    93 |    22 ||   155
Armor: Skin              |       |     1 |    12 |    24 |     7 ||    44
Dodge: Dodged            |    20 |    77 |   286 |   908 |   240 ||  1531

Table legend:
 A = Spawn XP
 B = Non-spawn XP
 C = Spawn XP percentage of total XP
 D = Spawn monster count
 E = Non-spawn monster count
 F = Spawn count percentage of total count
 G = Total turns spent on level
                    A         B        C        D         E        F      G
               +---------+---------+-------+---------+---------+-------+---------
         Total |       0 |   80222 |   0.0 |       0 |     496 |   0.0 | 14351
               +---------+---------+-------+---------+---------+-------+---------
           D:1 |       0 |      33 |   0.0 |       0 |      12 |   0.0 |   806
           D:2 |       0 |     146 |   0.0 |       0 |      30 |   0.0 |   724
           D:3 |       0 |     113 |   0.0 |       0 |      21 |   0.0 |   738
           D:4 |       0 |     189 |   0.0 |       0 |      13 |   0.0 |   580
           D:5 |       0 |     434 |   0.0 |       0 |       7 |   0.0 |   515
           D:6 |       0 |    1026 |   0.0 |       0 |       5 |   0.0 |   628
           D:7 |       0 |    1460 |   0.0 |       0 |      34 |   0.0 |   907
           D:8 |       0 |    2115 |   0.0 |       0 |      22 |   0.0 |   566
           D:9 |       0 |    3212 |   0.0 |       0 |      25 |   0.0 |   695
          D:10 |       0 |    1810 |   0.0 |       0 |      18 |   0.0 |   759
          D:11 |       0 |    3849 |   0.0 |       0 |      39 |   0.0 |   852
          D:12 |       0 |    6949 |   0.0 |       0 |      48 |   0.0 |  1117
          D:13 |       0 |    1761 |   0.0 |       0 |       5 |   0.0 |   122
          D:14 |       0 |   21082 |   0.0 |       0 |      72 |   0.0 |  1415
          D:15 |       0 |    2426 |   0.0 |       0 |       5 |   0.0 |   243
        Lair:1 |       0 |     242 |   0.0 |       0 |       2 |   0.0 |    37
        Lair:3 |       0 |    1364 |   0.0 |       0 |       4 |   0.0 |   177
        Lair:4 |       0 |    3620 |   0.0 |       0 |      10 |   0.0 |   363
        Lair:5 |       0 |    1712 |   0.0 |       0 |       9 |   0.0 |   156
        Lair:6 |       0 |    4190 |   0.0 |       0 |      19 |   0.0 |   264
         Orc:1 |       0 |     307 |   0.0 |       0 |       1 |   0.0 |    47
         Orc:2 |       0 |    7466 |   0.0 |       0 |      40 |   0.0 |  1075
         IceCv |       0 |   14716 |   0.0 |       0 |      55 |   0.0 |  1444
               +---------+---------+-------+---------+---------+-------+---------
